 Dungeon Crawl Stone Soup version 0.25.1-2-g60ff931df9 (webtiles) character file.

Game seed: 2594543171340208098

286 ArchParadox the Skirmisher (level 6, -5/41 HPs)
             Began as a Gargoyle Fighter on Sept 21, 2020.
             Was an Initiate of Zin.
             Slain by an orc warrior
             ... wielding a +3 short sword
              (10 damage)
             ... on level 3 of the Dungeon.
             The game lasted 00:11:28 (2999 turns).

ArchParadox the Skirmisher (Gargoyle Fighter)       Turns: 2999, Time: 00:11:29

Health: -5/41      AC: 15    Str: 22    XL:     6   Next: 30%
Magic:  6/6        EV:  5    Int:  8    God:    Zin [......]
Gold:   72         SH: 10    Dex:  9    Spells: 5/5 levels left

rFire    . . .     SeeInvis .   a - +0 flail
rCold    . . .     Gourm    .   c - +1 kite shield
rNeg     + . .     Faith    .   n - +0 chain mail
rPois    ∞         Spirit   .   r - +2 hat
rElec    +         Reflect  .   (no cloak)
rCorr    .         Harm     .   (no gloves)
MR       .....                  (no boots)
Stlth    ..........             (no amulet)
HPRegen  0.13/turn              (no ring)
MPRegen  0.10/turn              (no ring)

@: mighty
A: negative energy resistance 1, electricity resistance, unbreathing,
petrification resistance, rot immunity, AC +4
a: Donate Gold, Renounce Religion


You were on level 3 of the Dungeon.
You worshipped Zin.
Zin was noncommittal.
You were very hungry.

You visited 1 branch of the dungeon, and saw 4 of its levels.

You collected 80 gold pieces.
You donated 8 gold pieces to Zin.

Inventory:

Hand Weapons
 a - a +0 flail (weapon)
 m - a cursed +0 hunting sling
 p - a +0 great sword
Missiles
 i - 112 stones
 j - 5 silver javelins (quivered)
Armour
 b - a +0 scale mail
 c - a +1 kite shield (worn)
 n - a +0 chain mail (worn)
 r - a +2 hat (worn)
Jewellery
 q - an uncursed ring of magical power {unknown}
Scrolls
 e - a scroll of teleportation
Potions
 g - 4 potions of stabbing {unknown}
 h - 2 potions of brilliance {unknown}
 l - 2 potions of curing {unknown}
Comestibles
 f - 5 rations


   Skills:
 * Level 5.8 Fighting
 * Level 4.7 Maces & Flails
 - Level 3.2 Armour
 - Level 3.2 Shields


You had 5 spell levels left.
You didn't know any spells.
Your spell library was empty.

Dungeon Overview and Level Annotations

Branches:
Dungeon (4/15)             Temple (0/1) D:4

Altars:
Gozag
Zin

Annotations:
D:3 2 transporters, HawFromDerth's ghost, amateur SpAs


Innate Abilities, Weirdness & Mutations

You are resistant to torment.
Your stone body is resilient. (AC +4)
You are immune to poison.
You resist negative energy. (rN+)
You are resistant to electric shocks. (rElec)
You can survive without breathing.
You are immune to petrification.
You are immune to rotting.


Message History

You kill the orc priest!
You block the orc warrior's attack. You block the orc's attack.
The orc warrior hits you with a +3 short sword.
* * * LOW HITPOINT WARNING * * *
You hit the orc warrior.
The orc warrior is lightly wounded.
You block the orc's attack. You block the orc warrior's attack.
Your shield and chain mail prevent you from hitting the orc warrior.
The orc warrior is lightly wounded.
You block the orc's attack. You block the orc warrior's attack.
You sock the orc warrior!
The orc warrior is moderately wounded.
The orc hits you.
* * * LOW HITPOINT WARNING * * *
The orc warrior hits you but does no damage.
The orc barely misses you.
You closely miss the orc warrior.
The orc warrior is moderately wounded.
The orc warrior hits you with a +3 short sword!
You die...

#.#######..............#
#.. #.# #.....#......#<#
### #.# #..#..#.##.....#
#.# #..#........#.## #.#
###.##.......##.# #.#
#)..###.....###.####
#.#####...# #.....#
#....# #.........#
#.....# ####.##
########.## #@o...#
#.#.# #.# #o[...# ##..#
#.# ####### ##.# #)#####
##### #.# #.....#
##...###.# #.###.#
##.#.#.##.# #.# #.#
##.#.#.....# #.###.#
#.###.###.## #.....# #.#
#.# #.#


You could see an orc warrior and an orc.

Vanquished Creatures
  An ogre (D:3)
  A howler monkey (D:3)
  An orc priest (D:3)
  7 adders
  4 worms
  A dart slug (D:1)
  2 leopard geckos
  2 orcs (D:3)
  6 bats
  5 giant cockroaches
  5 hobgoblins
  6 jackals
  4 frilled lizards
  9 goblins
  9 kobolds
  3 rats
66 creatures vanquished.

Notes
Turn   | Place    | Note
-------+----------+-------------------------------------------
     0 | D:1      | ArchParadox the Gargoyle Fighter began the quest for the
                  | Orb.
     0 | D:1      | Reached XP level 1. HP: 14/14 MP: 1/1
   172 | D:1      | Reached XP level 2. HP: 19/19 MP: 2/2
   835 | D:2      | Reached XP level 3. HP: 24/24 MP: 3/3
   840 | D:2      | Reached skill level 4 in Fighting
  1201 | D:2      | Reached XP level 4. HP: 25/30 MP: 4/4
  2000 | D:3      | Found a glowing silver altar of Zin.
  2044 | D:3      | Became a worshipper of Zin the Law-Giver
  2146 | D:3      | Noticed HawFromDerth's ghost (amateur SpAs)
  2147 | D:3      | Reached XP level 5. HP: 33/34 MP: 5/5
  2152 | D:3      | Found a transporter.
  2227 | D:3      | Reached skill level 5 in Fighting
  2323 | D:4      | Found a staircase to the Ecumenical Temple.
  2323 | D:4      | Noticed an ogre
  2323 | D:4      | Noticed an orc warrior
  2544 | D:3      | Found a transporter.
  2675 | D:3      | Killed an ogre
  2675 | D:3      | Reached XP level 6. HP: 40/40 MP: 6/6
  2735 | D:3      | Found an opulent altar of Gozag.
  2999 | D:3      | Slain by an orc warrior

Illustrated notes

Levels and vault maps discovered:
D:1:      shiori_arrival_elements, layout_basic, moated_statue,
          minmay_heptomino_o4
D:2:      layout_basic
D:3:      layout_loops_cross, overflow_temple_1_default, old_standard_altar,
          gammafunk_ghost_stat_death
D:4:      layout_rooms, lemuel_doored_altar,
          minmay_temple_entry_drinking_statues

Skill      XL: |  1  2  3  4  5 |
---------------+----------------+-----
Fighting       | 4 5 |  5.8
Maces & Flails | 3 4 |  4.7
Armour         | |  3.2
Shields        | |  3.2

Action                   |  1- 3 |  4- 6 || total
-------------------------+-------+-------++-------
Melee: Flail             |   178 |   176 ||   354
Throw: Javelin           |       |     3 ||     3
  Use: Scroll            |       |     6 ||     6
       Potion            |       |     1 ||     1
  Eat: Chunk             |     1 |     5 ||     6
Armor: Scale mail        |    22 |       ||    22
       Chain mail        |   107 |    96 ||   203
Dodge: Dodged            |    59 |    45 ||   104
Block: Kite shield       |    94 |   104 ||   198
